[Event "Championnat du monde jeunes U10"]
[Date "2024.11.24"]
[White "Ilko-Toth, Andras"]
[Black "Tulegen, Ramazan"]
[WhiteElo "2115"]
[BlackElo "1818"]
[Round "9.9"]
[Result "0-1"]
[TimeControl "5400+30"]

1. d4 Nf6 2. Nf3 c5 3. d5 g6 4. Nc3 Bg7 5. e4 d6 6. Bc4 O-O 7. h3 b5 8. Bxb5 Nxe4 9. Nxe4 Qa5+ 10. Nc3 Bxc3+ 11. bxc3 Qxb5 12. Qd3 Ba6 13. Qxb5 Bxb5 14. Bh6 Re8 15. Nd2 Nd7 16. a4 Ba6 17. a5 Rab8 18. Bf4 Nf6 19. c4 e6 20. O-O-O e5 21. Bg5 Kg7 22. c3 h6 23. Be3 Bc8 24. g4 g5 25. f3 Kg6 26. Kc2 Bd7 27. Ra1 h5 28. Rhb1 hxg4 29. hxg4 Rxb1 30. Rxb1 e4 31. Nxe4 Nxe4 32. fxe4 Rxe4 33. Rb7 Bxg4 34.
Kd2 f5 35. Rxa7 f4 36. Bg1 Re2+ 37. Kc1 Re1+ 38. Kb2 Rxg1 39. a6 f3 40. Rg7+ Kxg7 41. a7 f2 42. a8=Q f1=Q 43. Qb7+ Qf7 44. Qxf7+ Kxf7 45. Kb3 Rg2 46.
Ka4 Rb2 47. Ka3 Rb6 48. Ka4 Bd7+ 49.
Ka5 Rb1 50. Ka6 g4 51. Ka5 g3 52. Ka6 g2 53. Ka5 g1=Q 54. Ka6 Qc1 55. Ka5 Qa3# 0-1

[Variant "Standard"]
[Site "Europe Echecs"]

[Event "Championnat du monde jeunes U10"]
[Date "2024.11.24"]
[White "Zhang, Junyi"]
[Black "Kadyr, Aldiyar"]
[WhiteElo "2061"]
[BlackElo "1759"]
[Round "9.10"]
[Result "1-0"]
[TimeControl "5400+30"]

1. e4 e6 2. d4 d5 3. e5 c5 4. c3 Nc6 5.
Nf3 Qb6 6. a3 f6 7. Bd3 fxe5 8. Nxe5 Nf6 9. O-O Bd6 10. Ng4 cxd4 11. Nxf6+ gxf6 12. Qh5+ Kd8 13. Qh6 Bd7 14. Rd1 Be5 15. cxd4 Bxd4 16. Nc3 a6 17. Kh1 Ne7 18. Be3 Bxe3 19. fxe3 f5 20. Qf6 Re8 21. Nxd5 Qc5 22. Nf4 Qxe3 23. Bxf5 exf5 24. Qd6 Nd5 25. Nxd5 Qe5 26. Qxe5 Rxe5 27. Nb6 Ra7 28. Rxd7+ Ke8 29. Rxh7 a5 30. Rc1 Kf8 31. Rc8+ Re8 32. Nd7+ Kg8 33. Nf6+ Kf8 34. Rxe8# 1-0

[Variant "Standard"]
[Site "Europe Echecs"]

[Event "Championnat du monde jeunes U10"]
[Date "2024.11.24"]
[White "Filipovs, Sergejs"]
[Black "Li, Weilong"]
[WhiteElo "2012"]
[BlackElo "1735"]
[Round "9.11"]
[Result "1-0"]
[TimeControl "5400+30"]

1. e4 c5 2. Nf3 e6 3. d4 cxd4 4. Nxd4 a6 5. c4 Nf6 6. Nc3 Qc7 7. a3 b6 8. Be3 Bb7 9. f3 Be7 10. Be2 d6 11. O-O O-O 12. Rc1 Nbd7 13. Qd2 Rac8 14. Rfd1 Qb8 15. b4 Rfe8 16. Bf1 h6 17. Qf2 Bd8 18. Na4 Bc7 19. Kh1 Ba8 20. Nb3 Rcd8 21. Qg1 d5 22. exd5 exd5 23. cxd5 Bxd5 24. Nd4 Bxh2 25. Qxh2 Qxh2+ 26. Kxh2 Rxe3 27. Nc3 Bb7 28.
Nf5 Re5 29. Nd6 Rb8 30. Bc4 Re7 31. Re1 Kf8 32. Rxe7 Kxe7 33. Nxf7 Rc8 34. Re1+ Kf8 35. Nd6 Rc6 36. Re6 Bc8 37. Nce4 Nb8 38. Nxc8 Rxc8 39. Nxf6 gxf6 40. Rxf6+ Ke7 41. Rxb6 Rxc4 42. Rxb8 Rc6 43. a4 Kf6 44. a5 Ke6 45. Rb6 Kd5 46. Rxc6 Kxc6 47. f4 Kd6 48. g4 Kd7 49. g5 hxg5 50. fxg5 Ke7 51. b5 axb5 52. a6 b4 53. a7 b3 54. a8=Q b2 55. Qb7+ Kf8 56. g6 b1=Q 57. Qf7# 1-0

[Variant "Standard"]
[Site "Europe Echecs"]

[Event "Championnat du monde jeunes U10"]
[Date "2024.11.24"]
[White "Bolashakov, Nurali"]
[Black "Seo, Juwon"]
[WhiteElo "2005"]
[BlackElo "1721"]
[Round "9.12"]
[Result "1-0"]
[TimeControl "5400+30"]

1. e4 c5 2. Nc3 Nc6 3. Bb5 Nd4 4. f4 g6 5. Nf3 Bg7 6. Nxd4 cxd4 7. Ne2 a6 8. Ba4 b5 9. Bb3 Bb7 10. d3 e6 11. O-O Ne7 12. f5 Nc6 13. Ng3 O-O 14. a3 Rc8 15. Bf4 d5 16. Qg4 Qd7 17. fxg6 hxg6 18. exd5 Nd8 19. dxe6 Nxe6 20. Ne4 Bxe4 21. dxe4 a5 22. a4 b4 23. h4 Qc6 24. h5 Nxf4 25. Rxf4 Be5 26. Rf5 Bg7 27. hxg6 Qb6 28. Qh5 d3+ 29. Kh1 Rfd8 30. Qh7+ Kf8 31. Rxf7+ Ke8 32. Qg8+ Bf8 33. Qxf8# 1-0

[Variant "Standard"]
[Site "Europe Echecs"]

[Event "Championnat du monde jeunes U10"]
[Date "2024.11.24"]
[White "Qian, Qipeng"]
[Black "Ling, Chenxuan"]
[WhiteElo "1641"]
[BlackElo "1967"]
[Round "9.13"]
[Result "0-1"]
[TimeControl "5400+30"]

1. d4 Nf6 2. c4 e6 3. Nf3 d5 4. Nc3 Bb4 5. Bg5 dxc4 6. e4 b5 7. e5 h6 8. exf6 hxg5 9.
fxg7 Rg8 10. a4 c6 11. g3 g4 12. Ne5 Qd5 13. Rg1 c5 14. Bg2 Qxd4 15. Qxd4 cxd4 16. axb5 dxc3 17. O-O-O Nd7 18.
Nxd7 Bxd7 19. Bxa8 Bxb5 20. Rd4 Bc5 21. Bc6+ Bxc6 22. Rxc4 Bxf2 23. Rd1 Bb7 24. Rxg4 f5 25. Rb4 cxb2+ 26. Rxb2 Bb6 27. Rd6 Bd5 28. Re2 Kf7 29. Rd7+ Kf6 30. h4 Rxg7 31. Rxg7 Kxg7 32. Rh2 Bc7 33. Rh3 Kh6 34. h5 a5 35. Kb2 Bd6 36. Kc3 Be5+ 37. Kc2 a4 38. g4 fxg4 39. Ra3 Bb3+ 40. Kd2 Kxh5 41. Ke3 Kh4 42. Kf2 Bd4+ 43. Kg2 g3 44. Kf1 Bc4+ 45. Ke1 g2 46. Kd2 g1=Q 47. Kc2 Qf2+ 48. Kd1 Bb3+ 49. Rxb3 axb3 50. Kc1 Qc2# 0-1

[Variant "Standard"]
[Site "Europe Echecs"]

[Event "Championnat du monde jeunes U10"]
[Date "2024.11.24"]
[White "Zhou, Guoyu"]
[Black "Zhauynbay, Alimzhan"]
[WhiteElo "1809"]
[BlackElo "1953"]
[Round "9.14"]
[Result "0-1"]
[TimeControl "5400+30"]

1. d4 Nf6 2. c4 g6 3. Nc3 Bg7 4. e4 d6 5. f3 O-O 6. Be3 a6 7. Qd2 Nbd7 8. O-O-O b5 9. cxb5 axb5 10. Bxb5 Nb6 11. g4 Bd7 12. Bd3 Qc8 13. Nge2 c5 14. h4 cxd4 15. Bxd4 Nc4 16. Bxc4 Qxc4 17. Qd3 Bb5 18. Qxc4 Bxc4 19. a3 Nd7 20. Bxg7 Kxg7 21. Nd4 Ne5 22. Kc2 Be6 23. Rh2 Nc4 24. Kc1 Rfc8 25. Nxe6+ fxe6 26. a4 Ne5 27. Rc2 Nxf3 28. b4 Rc4 29. b5 Rac8 30. Kb2 e5 31. Rdc1 Nd4 32. Rf2 Rb4+ 33. Ka2 Nxb5 34. Rb2 Nxc3+ 35. Rxc3 Rxa4+ 36. Ra3 Rca8 37. Rxa4 Rxa4+ 38. Kb1 Rxe4 39. Rg2 Kf6 40. Kc2 Rf4 41. Kd3 Ke6 42. Ke3 d5 43. Rg1 d4+ 44. Kd3 Kd5 0-1

[Variant "Standard"]
[Site "Europe Echecs"]

[Event "Championnat du monde jeunes U10"]
[Date "2024.11.24"]
[White "Zuo, Junyu"]
[Black "Ramesan, Raunak Amit"]
[WhiteElo "2120"]
[BlackElo "1802"]
[Round "9.15"]
[Result "1-0"]
[TimeControl "5400+30"]

1. e4 e5 2. Bc4 Nf6 3. d3 Nc6 4. Nf3 Bc5 5. c3 d6 6. O-O O-O 7. a4 a5 8. Nbd2 Ba7 9. h3 Ne7 10. d4 Ng6 11. Bd3 Re8 12. Re1 Nh5 13. Nf1 Nhf4 14. Bc2 Bd7 15. Ng3 Bb6 16. Be3 h6 17. Qd2 Bc6 18. Rad1 Qf6 19. Kh2 Rad8 20. b3 Bd7 21. Ng1 Bc8 22. N3e2 Nxe2 23. Nxe2 c6 24. f4 Bc7 25. Kg1 Nh4 26. Bf2 Ng6 27. Bg3 Qe7 28. Rf1 exf4 29. Nxf4 Nxf4 30. Bxf4 Be6 31. Bxh6 gxh6 32. Qxh6 Qf8 33. Qh4 Bc8 34. e5 Qg7 35. Rd3 Re6 36. Rg3 Rg6 37. Bxg6 fxg6 38. Rf6 Bf5 39. Rxf5 dxe5 40. Rf6 Rd6 41. Rgxg6 Rxf6 42. Qxf6 1-0

[Variant "Standard"]
[Site "Europe Echecs"]

[Event "Championnat du monde jeunes U10"]
[Date "2024.11.24"]
[White "Shangin, Lev"]
[Black "Todmunkh, Turbat"]
[WhiteElo "2056"]
[BlackElo "1773"]
[Round "9.16"]
[Result "1-0"]
[TimeControl "5400+30"]

1. d4 Nf6 2. c4 g6 3. Nc3 Bg7 4. e4 d6 5. Nf3 O-O 6. Be2 Bg4 7. Be3 Bxf3 8. Bxf3 e5 9. d5 a5 10. g4 Nfd7 11. h4 Na6 12. Qd2 Ndc5 13. O-O-O Qd7 14. g5 a4 15. Rdg1 b6 16. Bg4 Qe7 17. f3 a3 18. b3 f5 19. gxf6 Bxf6 20. Be6+ Kh8 21. h5 g5 22. h6 Nb4 23. Bxc5 bxc5 24. Nd1 Nc6 25. dxc6 Qxe6 26. Ne3 Rae8 27. Nd5 Bd8 28. Rg3 Rf7 29. Rh5 Ref8 30. Qg2 Qg6 31. Rh1 Qe6 32. Ne3 g4 33. Rxg4 Rxf3 34. Rg7 Rxe3 35. Rg4 Ref3 1-0

[Variant "Standard"]
[Site "Europe Echecs"]

[Event "Championnat du monde jeunes U10"]
[Date "2024.11.24"]
[White "Fuentes de Nova, Sebastian"]
[Black "Jani, Aakash"]
[WhiteElo "1929"]
[BlackElo "1810"]
[Round "9.17"]
[Result "1-0"]
[TimeControl "5400+30"]

1. e4 e5 2. Nf3 Nc6 3. d4 exd4 4. Bc4 Bc5 5. Ng5 Nh6 6. Nxf7 Nxf7 7. Bxf7+ Kxf7 8. Qh5+ g6 9. Qxc5 Re8 10. Qd5+ Re6 11. O-O Qf6 12. Nd2 Ne7 13. Qb3 c6 14. Nf3 Kg7 15. Bg5 Qf7 16. Rfe1 c5 17. e5 h6 18. Bf6+ Kh7 19. Ng5+ Kg8 20. Nxf7 Kxf7 21. Qh3 h5 22. g4 d6 23. Bxe7 Rxe7 24. exd6 Re6 25. Qf3+ Kg7 26. Rxe6 Bxe6 27. Qxb7+ Kh6 28. Qxa8 Bxg4 29. Qh8+ Kg5 30. h4+ Kxh4 31. Qf6+ Kh3 32. d7 Bxd7 33. Qf3+ Kh4 34. Qg3# 1-0

[Variant "Standard"]
[Site "Europe Echecs"]

[Event "Championnat du monde jeunes U10"]
[Date "2024.11.24"]
[White "Akramov, Khusan"]
[Black "Andre, Tomas"]
[WhiteElo "1782"]
[BlackElo "1928"]
[Round "9.18"]
[Result "0-1"]
[TimeControl "5400+30"]

1. e4 Nf6 2. e5 Nd5 3. d4 d6 4. c4 Nb6 5. f4 dxe5 6. fxe5 Bf5 7. Nc3 e6 8. Nf3 Bb4 9. Be3 c5 10. dxc5 Qxd1+ 11. Kxd1 Bxc3 12. bxc3 Na4 13. Nd4 Bg4+ 14. Kc2 O-O 15. Nb3 Nd7 16. Bd4 Rac8 17. c6 Bf5+ 18. Bd3 Bxd3+ 19. Kxd3 Rxc6 20. Rab1 Rd8 21. Kc2 b6 22. Nd2 Nac5 23. Rhe1 Nb7 24. Re4 Na5 25. Rb4 Rc7 26. g4 Nb8 27. Be3 Nac6 28. Ra4 Nd7 29. Nf3 Rdc8 30. g5 Ne7 31. Rb4 Nc6 32. Ra4 Nd8 33. Rb4 Nb7 34. Nd2 Nbc5 35. Bxc5 Rxc5 36. Nf3 a5 37. Ra4 R5c7 38. Rd4 Nc5 39. Ra3 Kf8 40. Nd2 Nd7 41. Nf3 Ke7 42. Ra4 Nc5 43. Ra3 Rd8 44. Nd2 Rcd7 45. Nf3 f6 46. gxf6+ gxf6 47. exf6+ Kxf6 48. Rf4+ Kg7 49.
Rg4+ Kh8 50. Rd4 Rf8 51. Ng5 Rg7 52. h4 h6 53. Ne4 Rg2+ 54. Nd2 Rff2 55. Kc1 Rxd2 56. Rxd2 Rxd2 57. Kxd2 a4 58.
Ke3 Kg7 59. Kf4 Kf6 60. Kf3 Kf5 61. Ke3 e5 62. Kf3 e4+ 63. Kg3 h5 64. Kf2 Kf4 65. Ke2 e3 0-1

[Variant "Standard"]
[Site "Europe Echecs"]

[Event "Championnat du monde jeunes U10"]
[Date "2024.11.24"]
[White "Kazimzade, Mahammad"]
[Black "Melkonyan, Davit"]
[WhiteElo "1687"]
[BlackElo "1842"]
[Round "9.19"]
[Result "0-1"]
[TimeControl "5400+30"]

1. c4 e5 2. g3 Nf6 3. Bg2 Nc6 4. Nc3 Bb4 5. Nf3 Bxc3 6. dxc3 h6 7. O-O d6 8. b3 O-O 9. Ba3 Bf5 10. Qc1 Re8 11. Rd1 Qe7 12. Qb2 Qe6 13. Nd2 Rad8 14. Nf1 Bh3 15. Bd5 Qc8 16. Bh1 e4 17. Ne3 Ne5 18. Qc2 Neg4 19. Nxg4 Bxg4 20. Bc1 Qf5 21. Be3 Qh5 22. Re1 Bf5 23. Qd2 Ng4 24. h4 g5 25. f3 exf3 26. exf3 Nxe3 27. Rxe3 gxh4 28. Rxe8+ Rxe8 29. g4 Qg6 30. Kf2 Bd3 31. Re1 Rxe1 32. Qxe1 Qe6 33. Qd2 Bh7 34. Bg2 b6 35. a4 a5 36. Bf1 Kg7 37. Bg2 Bg6 38. Bf1 Qe5 39. f4 Qc5+ 40. Kf3 Qg1 41. Bg2 Qh2 42. f5 Qg3+ 43. Ke4 Qxg4+ 44. Kd5 Qxf5+ 45. Kc6 Qc5+ 46.
Kb7 b5 47. Qd4+ Qxd4 48. cxd4 bxc4 49.
bxc4 c5 50. dxc5 dxc5 51. Kc6 Bc2 52.
Kxc5 Bxa4 53. Kb6 Bd7 54. Kxa5 h3 55. Bh1 Kf6 56. c5 Ke5 57. c6 Bxc6 58. Bxc6 f5 59. Kb4 Kd4 60. Kb3 Kd3 61. Bb5+ Ke3 62. Kc2 f4 63. Bf1 h2 64. Bg2 f3 65. Bh1 f2 0-1

[Variant "Standard"]
[Site "Europe Echecs"]

[Event "Championnat du monde jeunes U10"]
[Date "2024.11.24"]
[White "Tugsbilguun, Davganamdag"]
[Black "Nguyen Truong An Khang"]
[WhiteElo "1660"]
[BlackElo "1836"]
[Round "9.20"]
[Result "0-1"]
[TimeControl "5400+30"]

1. e4 e5 2. Nf3 Nc6 3. d4 exd4 4. Nxd4 Nf6 5. Nc3 Bb4 6. Nxc6 bxc6 7. Bd3 d5 8. exd5 cxd5 9. O-O O-O 10. Bg5 c6 11. Qf3 Bd6 12. Bxf6 Qxf6 13. Qxf6 gxf6 14. Ne2 c5 15. b3 Be6 16. Rad1 a5 17. Ng3 Rfe8 18. Rfe1 Rab8 19. Re3 Rb4 20. c3 Rb6 21. Nh5 Be5 22. f4 Bxc3 23. Bxh7+ Kxh7 24. Rxc3 Bg4 25.
Rxd5 Re1+ 26. Kf2 Re2+ 27. Kg3 f5 28. h3 Bxh5 29. Kh4 Rxg2 30. Rxf5 Be2 0-1

[Variant "Standard"]
[Site "Europe Echecs"]

[Event "Championnat du monde jeunes U10"]
[Date "2024.11.24"]
[White "Akramov, Khasan"]
[Black "Babeikin, Kiryl"]
[WhiteElo "1835"]
[BlackElo "1721"]
[Round "9.21"]
[Result "1/2-1/2"]
[TimeControl "5400+30"]

1. c4 e6 2. g3 Nf6 3. Bg2 d5 4. d4 Be7 5. Nf3 O-O 6. O-O dxc4 7. Qc2 a6 8. a4 Bd7 9. Qxc4 Bc6 10. Bg5 Bd5 11. Qd3 c5 12. dxc5 Nbd7 13. Nc3 Nxc5 14. Qe3 Bxf3 15. Qxf3 h6 16. Be3 Qa5 17. Rab1 Ncd7 18. Qxb7 Rab8 19. Qa7 Bc5 20. Bxc5 Nxc5 21. Qe7 Qb4 22. Rfd1 Nxa4 23. Qxb4 Rxb4 24. Nxa4 Rxa4 25. Ra1 Rb4 26. Rd2 Rfb8 27. Ra2 Ng4 28. h3 Ne5 29. Rxa6 Rxb2 30. Rxb2 Rxb2 31. f4 Nc4 32. Kf2 g6 33. Be4 Rb6 34. Ra7 Nd6 35. Bd3 Kg7 36. Rd7 Ne8 37. Ra7 Nf6 38. Ke3 Rb4 39. Kd2 h5 1/2-1/2

[Variant "Standard"]
[Site "Europe Echecs"]

[Event "Championnat du monde jeunes U10"]
[Date "2024.11.24"]
[White "Dayal, Samar"]
[Black "Skouroupathis, Kyriakos"]
[WhiteElo "1818"]
[BlackElo "1695"]
[Round "9.22"]
[Result "1-0"]
[TimeControl "5400+30"]

1. e4 c6 2. d4 d5 3. exd5 cxd5 4. c4 Nf6 5. Nc3 Nc6 6. Nf3 Bg4 7. cxd5 Nxd5 8. Qb3 Bxf3 9. gxf3 e6 10. Qxb7 Nxd4 11. Bb5+ Nxb5 12. Qc6+ Ke7 13.
Qxb5 Qd7 14. Nxd5+ Qxd5 15. Qxd5 exd5 16. Be3 Ke6 17. O-O-O Rc8+ 18. Kb1 Bc5 19. Rhe1 Bxe3 20. fxe3 Rc4 21. Re2 Re8 22. b3 Rb4 23. Kb2 Reb8 24. Rc2 R4b6 25. Rc5 Rd6 26. Rdc1 Rb7 27. a3 Ke5 28. R1c2 Rf6 29. Rf2 Rfb6 30. b4 Kd6 31. Rfc2 Rb5 32. Rc6+ Kd7 33. Ra6 R5b6 34. Ra5 Rb5 35. Rc5 Rxa5 36. Rxa5 Kd6 37. Kc3 Rc7+ 38. Kd4 Rc4+ 39. Kd3 Rc7 40. Ra6+ Ke5 41. f4+ Kf5 42. Rd6 Rc1 43. Rxd5+ Ke6 44. Ra5 Rd1+ 45. Ke4 Rd7 46. Re5+ Kf6 47. Rd5 Rc7 48. Kd4 Ke6 49. e4 f6 50. f5+ Ke7 51. Ra5 Kd6 52. Ra6+ Kd7 53. Kd5 Rb7 54. Rd6+ Kc7 55. Rc6+ Kd7 56. Kc5 Rb8 57. b5 Rb7 58. a4 Rb8 59. Rd6+ Ke7 60. Ra6 Rb7 1-0

[Variant "Standard"]
[Site "Europe Echecs"]

[Event "Championnat du monde jeunes U10"]
[Date "2024.11.24"]
[White "Aitmukhanov, Arsen"]
[Black "Chen, Chicheng Leon"]
[WhiteElo "1579"]
[BlackElo "1987"]
[Round "9.23"]
[Result "1-0"]
[TimeControl "5400+30"]

1. e4 c5 2. Nf3 e6 3. c3 Nf6 4. Qc2 d5 5. exd5 Nxd5 6. Bb5+ Bd7 7. Bxd7+ Nxd7 8. O-O Be7 9. d3 O-O 10. Nbd2 Qc7 11. Nc4 b5 12. Ne3 N7f6 13. Nxd5 Nxd5 14. Bg5 Bd6 15. a3 a6 16. c4 Nb6 17. Rac1 Rac8 18. Be3 Rfd8 19. cxb5 axb5 20. b4 c4 21. dxc4 Nxc4 22. Ng5 g6 23. Qe4 Bxh2+ 24. Kh1 Be5 25. a4 Qd6 26. Bc5 Qd5 27. Qh4 h5 28. axb5 Nb2 29. Nf3 Bg7 30. Rc2 Qb3 31. Rcc1 Nd3 32. Rb1 Qa4 33. Be7 Rd5 34. b6 Qb5 35. Bc5 Rb8 36. Be3 Qd7 37. Qc4 Nb2 38. Qc7 Rb7 39. Qxd7 Rdxd7 40. Rfc1 Na4 41. Rc8+ Bf8 42. Bh6 Nxb6 43. Rxf8+ Kh7 44. Be3 Nd5 45. Bd4 f6 46. Ng5+ Kh6 47. Nxe6 Rxb4 48. Rxb4 Nxb4 49. Bxf6 g5 50. Bxg5+ Kg6 51. Rf6+ Kh7 52. Nf8+ 1-0

[Variant "Standard"]
[Site "Europe Echecs"]

[Event "Championnat du monde jeunes U10"]
[Date "2024.11.24"]
[White "Deepak Ambattu, Rithvik"]
[Black "Buklaho, Ignacy"]
[WhiteElo "2063"]
[BlackElo "1822"]
[Round "9.24"]
[Result "1-0"]
[TimeControl "5400+30"]

1. e4 c5 2. Nf3 e6 3. d4 cxd4 4. Nxd4 Nf6 5. Nc3 Nc6 6. Ndb5 Bb4 7. a3 Bxc3+ 8. Nxc3 d5 9. exd5 exd5 10. Bd3 O-O 11. O-O Bg4 12. Ne2 Re8 13. Be3 h6 14. Re1 d4 15. Bf4 Qb6 16. Qc1 Bxe2 17. Rxe2 Rxe2 18. Bxe2 Nd5 19. Bg3 Re8 20. Bf3 Nf6 21. Rb1 Qc5 22. Qd2 Qc4 23. b3 Qe6 24. Kf1 Qf5 25. Re1 Rxe1+ 26. Kxe1 Qc5 27. b4 Qc4 28. Qd3 Qe6+ 29. Kd2 a6 30. Qe2 Qd7 31. Qc4 Ne7 32. Qc7 Qe6 33. Qxb7 Ned5 34. Qb8+ Kh7 35. Qe5 Qd7 36. Qxd4 g5 37. c4 Nb6 38. Qxd7 Nfxd7 39. c5 Nc4+ 40.
Kd3 Nxa3 41. c6 Nb6 42. c7 Nb5 43. Bg4 Na7 44. Bd6 Kg6 45. Bc5 f5 46. Bxb6 Nc8 47. Bf3 Nxb6 48. Bb7 f4 49. c8=Q Nxc8 50. Bxc8 h5 51. Bxa6 g4 52. Ke4 Kg5 53. b5 g3 54. fxg3 Kg4 55. b6 fxg3 56. h3+ Kh4 57. b7 Kg5 58. b8=Q h4 59. Qd6 Kh5 60. Ke5 Kg5 61. Qf6+ Kh5 62. Be2# 1-0

[Variant "Standard"]
[Site "Europe Echecs"]

[Event "Championnat du monde jeunes U10"]
[Date "2024.11.24"]
[White "Ten Dam, Bram"]
[Black "Zhang, Oscar Y"]
[WhiteElo "2012"]
[BlackElo "1817"]
[Round "9.25"]
[Result "0-1"]
[TimeControl "5400+30"]

1. e4 c5 2. Nf3 d6 3. d4 cxd4 4. Nxd4 Nf6 5. Nc3 a6 6. Bg5 e6 7. f4 Be7 8. Qf3 Qc7 9. O-O-O Nbd7 10. Bd3 O-O 11. Qh3 b5 12. Rhe1 Nc5 13. e5 dxe5 14. fxe5 Nxd3+ 15. Rxd3 Nd5 16. Rg3 Bxg5+ 17. Rxg5 Nf4 18. Qe3 Ng6 19. Rh5 Bb7 20. Nce2 Qa5 21. Nc3 b4 22. Nb3 Qc7 23. Ne4 Rac8 24. Re2 Bxe4 25. Qxe4 a5 26. Rh3 Rfd8 27. Rd2 a4 28. Rxd8+ Rxd8 29. Nd2 Qc5 30. Qe3 Qd5 31. Rf3 Nxe5 32. Rf4 Qxg2 33. Nf1 Qd5 34. Nd2 Qh1+ 35. Rf1 Qg2 36. Rg1 Qxd2+ 0-1

[Variant "Standard"]
[Site "Europe Echecs"]

[Event "Championnat du monde jeunes U10"]
[Date "2024.11.24"]
[White "Chakhalov, Mikael"]
[Black "Cao, Frank Zhongtian"]
[WhiteElo "1962"]
[BlackElo "1793"]
[Round "9.26"]
[Result "0-1"]
[TimeControl "5400+30"]

1. e4 c5 2. Nf3 d6 3. d4 cxd4 4. Nxd4 Nf6 5. Nc3 a6 6. f3 e5 7. Nb3 Be7 8. Be3 Be6 9. Qd2 O-O 10. O-O-O Nbd7 11. g4 b5 12. g5 Nh5 13. Nd5 Bxd5 14. exd5 f6 15.
gxf6 Bxf6 16. Na5 Qe8 17. Nc6 Bd8 18. Kb1 Bb6 19. c4 bxc4 20. Bxc4 Bxe3 21. Qxe3 Nf4 22. Rhg1 Kh8 23. Rg3 Nh5 24. Rg4 Rf4 25. Rxf4 Nxf4 26. Rg1 Qh5 27. Qb3 Nc5 28. Qb6 Qxh2 29. Rf1 e4 30. Nb8 h6 31. Qxd6 e3 32. Qxc5 Rxb8 33. b3 e2 34. Re1 Qg3 35. Qg1 Qxf3 36. Qd4 Qg3 37. Qd2 Rd8 38. Kb2 Qg5 39. Bxe2 Rxd5 40. Qc2 Qf6+ 41. Kb1 Nxe2 42. Rxe2 Qf1+ 43. Kb2 Qf6+ 44. Kb1 Qf5 45. Qxf5 Rxf5 46. Kc2 h5 47. Kc3 Kh7 48. Kc4 Rf6 49. b4 g5 50. a4 g4 51. Rg2 Kg6 52. b5 axb5+ 53. axb5 Kg5 54. Kd4 h4 55. Rb2 g3 56. Ke3 h3 57. b6 g2 58. Rb5+ Kg6 59. b7 g1=Q+ 60. Kd2 Qg2+ 61. Kc3 Qc6+ 62. Kb4 Rf4+ 63. Ka5 Qxb5+ 64. Kxb5 Rf8 0-1

[Variant "Standard"]
[Site "Europe Echecs"]

[Event "Championnat du monde jeunes U10"]
[Date "2024.11.24"]
[White "Larion, Iustin"]
[Black "Blekh, Erik"]
[WhiteElo "1925"]
[BlackElo "1790"]
[Round "9.27"]
[Result "1-0"]
[TimeControl "5400+30"]

1. d4 Nf6 2. Nf3 g6 3. Nbd2 d5 4. e3 Bg7 5. b4 a5 6. b5 c5 7. c4 O-O 8. Bb2 cxd4 9.
Bxd4 b6 10. Rc1 Nbd7 11. cxd5 Nxd5 12.
Bxg7 Kxg7 13. Bc4 Bb7 14. O-O Nc5 15. Nb3 Nxb3 16. Qxb3 e6 17. Ne5 Rc8 18. Be2 Qd6 19. Nc4 Qe7 20. Bf3 Kg8 21. e4 Nf6 22. Qe3 Qb4 23. a3 Qc5 24. Qf4 Nh5 25. Bxh5 Qxh5 26. Nd6 Rxc1 27. Rxc1 Ba8 28. h3 e5 29. Qf6 Qh6 30. Rc7 Qf4 31. Qxf4 exf4 32. Rc8 Rxc8 33. Nxc8 Bxe4 34. Nxb6 Bd3 35. a4 Bc2 36. Nc4 Bxa4 37. b6 Bc6 38. Nxa5 Bd5 39. b7 Bxb7 40. Nxb7 Kg7 41. Kf1 g5 42. Ke2 f5 43. Kf3 h5 44. Nc5 Kg6 45. Nd3 Kf6 46. Nxf4 gxf4 47. Kxf4 Kg6 48. h4 Kf6 49. g3 1-0

[Variant "Standard"]
[Site "Europe Echecs"]

[Event "Championnat du monde jeunes U10"]
[Date "2024.11.24"]
[White "Liu, Liam"]
[Black "Ejsymont, Eryk"]
[WhiteElo "1783"]
[BlackElo "1910"]
[Round "9.28"]
[Result "1/2-1/2"]
[TimeControl "5400+30"]

1. e4 c5 2. c3 Nf6 3. e5 Nd5 4. d4 cxd4 5. cxd4 d6 6. Bc4 Nb6 7. Bb3 dxe5 8. Qh5 e6 9. dxe5 Nc6 10. Nc3 Qd3 11. Bf4 Na5 12. Rd1 Qg6 13. Qxg6 hxg6 14. Nf3 Bb4 15. O-O Bd7 16. Bd2 Nac4 17. Ne4 Nxd2 18. Nfxd2 Bb5 19. Rfe1 Rd8 20. a3 Bxd2 21. Rxd2 Rxd2 22. Nxd2 Bc6 23. Ne4 Bxe4 24. Rxe4 Ke7 25. Rd4 Rc8 26. g3 Rc5 27. f4 Rb5 28. Rb4 Rc5 29. Rd4 g5 30. Kf2 gxf4 31. gxf4 Rc1 32. Rd1 Rc8 33. Rd2 Rc5 34. Rd4 Nd5 35. Kf3 Nb6 1/2-1/2

[Variant "Standard"]
[Site "Europe Echecs"]

[Event "Championnat du monde jeunes U10"]
[Date "2024.11.24"]
[White "Mutyalapati, Modith Aaroh"]
[Black "Aguike, Toshiya"]
[WhiteElo "1893"]
[BlackElo "1716"]
[Round "9.29"]
[Result "1-0"]
[TimeControl "5400+30"]

1. e4 e5 2. Nf3 Nc6 3. Bb5 Nf6 4. O-O d6 5. d4 exd4 6. Nxd4 Bd7 7. Nc3 Be7 8. Be3 O-O 9. h3 a6 10. Bxc6 bxc6 11. Qf3 c5 12. Nde2 Re8 13. Nf4 Rb8 14. b3 Bf8 15. Nfd5 Nxd5 16. Nxd5 c6 17. Nc3 g6 18. Rad1 Bg7 19. Bf4 Bxc3 20. Qxc3 Rxe4 21. Bxd6 Rb7 22. Bxc5 Qg5 23. Rfe1 Rxe1+ 24. Rxe1 Rb5 25. b4 a5 26. Bf8 f6 27. Bc5 axb4 28. Bxb4 c5 29. Qc4+ Kf8 30. h4 Qf5 31. Bd2 g5 32. hxg5 fxg5 33. a4 Rb2 34. Be3 Rxc2 35. Qa6 Qg6 36. Qa8+ Kf7 37. Qd8 Qe6 38. Qxg5 Rc4 39. Bd2 Qf6 40. Qh5+ Qg6 41. Qd5+ Be6 42. Qb7+ Kf6 43. Bc1 Qf5 44. Bb2+ Kg5 45. Re5 Rc1+ 46. Bxc1+ Kg6 47. Rxf5 Bd7 48. Qxd7 c4 49. a5 c3 50. a6 c2 51. a7 h5 52. a8=Q h4 53. Rf6+ Kh5 54. Qg4+ Kxg4 55. Qf3# 1-0

[Variant "Standard"]
[Site "Europe Echecs"]

[Event "Championnat du monde jeunes U10"]
[Date "2024.11.24"]
[White "Meitzner, Jonathan Franz"]
[Black "Gomez Silva, Maximiliano"]
[WhiteElo "1876"]
[BlackElo "1643"]
[Round "9.30"]
[Result "1/2-1/2"]
[TimeControl "5400+30"]

1. e4 c6 2. d4 d5
3. exd5 cxd5 4. Bd3 Nc6 5. c3 Qc7 6. Ne2 e6 7. Bf4 Bd6 8. Bxd6 Qxd6 9. O-O Nf6 10. Nd2 O-O 11. Ng3 Bd7 12. Re1 Rab8 13. a4 a5 14. Nf3 Rfe8 15. Ne5 Ne7 16. Qf3 Ng6 17. Nh5 Qe7 18. Nxf6+ gxf6 19. Nxd7 Qxd7 20. Bb5 Qe7 21.
Bxe8 Rxe8 22. Qg3 Kh8 23. f4 Rg8 24. f5 Ne5 25. Qh3 Ng4 26. Qf3 Qd6 27. g3 e5 28. dxe5 fxe5 29. Kh1 e4 30. Qe2 Ne5 31. Rad1 Nf3 32. Rf1 Rxg3 33. Rxf3 Rxf3 34. Qg2 Rxf5 35. Rg1 Qg6 36. Qd2 Qh5 37. Qd4+ f6 38. Qc5 Qf3+ 39. Rg2 Qf1+ 40. Rg1 Qf3+ 41. Rg2 1/2-1/2

[Variant "Standard"]
[Site "Europe Echecs"]

[Event "Championnat du monde jeunes U10"]
[Date "2024.11.24"]
[White "Katta, Sriansh"]
[Black "Mrozowski, Nikodem"]
[WhiteElo "1766"]
[BlackElo "1874"]
[Round "9.31"]
[Result "0-1"]
[TimeControl "5400+30"]

1. e4 c5 2. Nc3 Nc6 3. f4 g6 4. Nf3 Bg7 5. Bc4 e6 6. O-O Nge7 7. d3 O-O 8. Qe1 d5 9. Bb3 Nd4 10. Nxd4 cxd4 11. Nd1 a5 12. a4 dxe4 13. dxe4 b6 14. Nf2 Ba6 15. Nd3 Qd7 16. Rf2 Rac8 17. Qd1 Bb7 18. Qe2 Qc6 19. e5 Nf5 20. Bd2 h5 21. Raf1 Rfd8 22. Rf3 Bf8 23. Rh3 Be7 24. Ne1 Bb4 25. Bxb4 axb4 26. Nf3 Qc5 27. Qd3 Ra8 28. Rf2 Ba6 29. Qd2 d3 30. Ng5 dxc2 31. Qxc2 Qd4 32. g4 Ne3 33. Rxe3 Qxe3 34. Qc7 Qe1+ 35. Kg2 Bf1+ 36. Kg3 Rd3+ 37. Nf3 h4+ 38. Kxh4 Qxf2+ 39. Kg5 Rxb3 40. Kf6 Rf8 0-1

[Variant "Standard"]
[Site "Europe Echecs"]

[Event "Championnat du monde jeunes U10"]
[Date "2024.11.24"]
[White "Gusev, Daniil Den"]
[Black "Bulat, Mansur"]
[WhiteElo "1863"]
[BlackElo "1610"]
[Round "9.32"]
[Result "1-0"]
[TimeControl "5400+30"]

1. e4 c5 2. Nc3 Nc6 3. Nge2 g6 4. d4 cxd4 5. Nxd4 Bg7 6. Be3 d6 7. Qd2 Nf6 8. f3 O-O 9. O-O-O a6 10. g4 Bd7 11. h4 h5 12. g5 Ne8 13. f4 b5 14. Kb1 Nc7 15. Be2 b4 16. Nd5 Nxd4 17. Bxd4 Nxd5 18. Bxg7 Kxg7 19. Qxd5 a5 20. Rhf1 Rc8 21. f5 Qc7 22. f6+ exf6 23. gxf6+ Kh7 24. Bxh5 Qxc2+ 25.
Ka1 Rc5 26. Qxd6 Rfc8 27. Bxg6+ Kh8 28.
Qf4 Kg8 29. Qh6 Qxb2+ 30. Kxb2 Rc2+ 31.
Kb1 Rb2+ 32. Kxb2 Rc2+ 33. Kxc2 Ba4+ 34.
Kb2 Bxd1 35. Qg7# 1-0

[Variant "Standard"]
[Site "Europe Echecs"]